AoeStats
← 建興法師

Arena

510767667Analyzed
3v3 RM · 13h ago on Oct 2, 2026· 43m 30s· 6 players
Game mode
Random Map
Map size
Normal (6 player)
Population
200
Speed
Normal
Resources
Standard
Victory
Conquest
Starting age
Dark Age
Ending age
Imperial Age
RankedLock teamsTeams togetherTeam positionsShared explorationLock speedFull tech treeHidden civsTurbo modeCheats
Victory
Defeat
🇭🇰 Saxons · Hong Kong SAR China
1185
+14
🇭🇰 Franks · Hong Kong SAR China
1134
+16
🇭🇰 Huns · Hong Kong SAR China
974
+23
🇨🇳 Koreans · China
1145
-18
🇦🇷 Bohemians · Argentina
1139
-18
🇨🇳 Burgundians · China
1111
-17
村口最强
1:34 Loom
4:00 Double-Bit Axe
9:30 Horse Collar
12:12 Feudal Age
13:55 Loom
16:13 Castle Age
14:32 Bow Saw
14:25 Heavy Plow
15:38 Gold Mining
18:00 Light Cavalry
19:58 Cavalier
23:28 Gold Shaft Mining
25:25 Loom
28:02 Forging
29:15 Scale Barding Armor
32:20 Imperial Age
30:36 Scale Mail Armor
31:32 Squires
31:19 Arson
31:56 Chain Mail Armor
33:35 Iron Casting
33:33 Plate Mail Armor
34:13 Wheelbarrow
35:38 Ballistics
35:40 Hand Cart
35:50 Hand Cart
37:16 Blast Furnace
41:59 Conscription
44:34 Chemistry
43:36 Padded Archer Armor
M
9:40 Feudal Age
11:58 Loom
15:37 Castle Age
14:52 Double-Bit Axe
15:34 Fletching
16:39 Bodkin Arrow
16:25 Horse Collar
17:15 Crossbowman
19:03 Town Watch
35:04 Imperial Age
33:10 Wheelbarrow
32:45 Pikeman
35:03 Ballistics
35:45 Chemistry
35:35 Padded Archer Armor
35:39 Arbalester
36:47 Hand Cart
37:14 Conscription
37:35 Bow Saw
37:55 Leather Archer Armor
39:43 Town Patrol
40:23 Fortified Wall
42:17 Two-Man Saw
1826193685
10:20 Feudal Age
8:38 Loom
16:10 Castle Age
14:34 Double-Bit Axe
15:23 Horse Collar
17:10 Fletching
32:41 Imperial Age
32:59 Masonry
32:50 Gold Mining
32:51 Stone Mining
36:18 Chemistry
36:56 Forging
36:48 Scale Mail Armor
37:04 Murder Holes
37:06 Bodkin Arrow
38:32 Iron Casting
37:29 Pikeman
38:10 Squires
37:57 Arson
39:22 Architecture
38:37 Halberdier
39:51 Chain Mail Armor
39:37 Bracer
41:23 Bow Saw
慈母守中線 游子身上E
11:26 Feudal Age
13:00 Loom
15:46 Castle Age
14:03 Horse Collar
21:02 Ballistics
20:43 Gold Mining
22:34 Fletching
22:45 Padded Archer Armor
22:39 Fletching
23:53 Double-Bit Axe
25:02 Thumb Ring
30:50 Elite Skirmisher
34:08 Imperial Age
36:51 Light Cavalry
38:04 Bloodlines
39:10 Bodkin Arrow
39:30 Leather Archer Armor
39:32 Heavy Cavalry Archer
41:57 Chemistry
42:46 Parthian Tactics
42:24 Bracer
建興法師
11:08 Feudal Age
14:56 Castle Age
13:42 Double-Bit Axe
15:24 Loom
19:55 Scale Barding Armor
24:14 Wheelbarrow
25:41 Chain Barding Armor
27:37 Forging
30:06 Gold Mining
33:34 Imperial Age
31:55 Devotion
32:40 Husbandry
33:50 Iron Casting
33:49 Cavalier
37:22 Paladin
38:55 Plate Barding Armor
41:30 Blast Furnace
43:09 Conscription
43:05 Scale Mail Armor
伐伐伐伐伐木工
10:56 Feudal Age
11:50 Double-Bit Axe
14:30 Castle Age
14:53 Horse Collar
15:32 Loom
16:51 Bow Saw
22:17 Wheelbarrow
24:48 Hand Cart
27:17 Gold Mining
29:19 Fletching
32:10 Imperial Age
29:32 Treadmill Crane
30:03 Scale Mail Armor
30:14 Forging
30:44 Gold Shaft Mining
31:02 Chain Mail Armor
30:53 Squires
30:39 Arson
31:07 Town Watch
33:12 Iron Casting
33:24 Ballistics
34:04 Chemistry
33:47 Plate Mail Armor
33:35 Bodkin Arrow
34:19 Stone Mining
35:09 Conscription
35:37 Masonry
35:21 Elite Hearth Troop
39:02 Shield Wall
41:05 Two-Man Saw
40:37 Bracer
41:11 Architecture
42:13 Coinage
41:47 Heavy Plow
Connection lost

Rejoining the realm…

Still unreachable

The connection could not be restored.

Session expired

The server has moved on; the page needs a fresh start.